Banger game

Match 24764715
End
Kettenkrad Recon Vehicle
Construct Infanterie Kompanie
Selects Breakthrough Battlegroup
Selects Assault Grenadiers
Grenadier Squad
Grenadier Squad
MG 42 Machine Gun Team
MG 42 Machine Gun Team
Construct Panzergrenadier Kompanie
251 Medium Carrier
Selects Rapid Production
Medical Station
Selects Breakthrough
Pak 40 Anti-tank Gun Team
Breakthrough
Panzergrenadier Squad
Construct Panzer Kompanie
Breakthrough
Stoßtruppen Squad
Selects Blitzkrieg
Panzer IV Medium Tank
Breakthrough
Selects Panzer IV Command Tank Sd.Kfz. 161/1
Stoßtruppen Squad
Breakthrough
Panzer IV Medium Tank
Pak 40 Anti-tank Gun Team
Blitzkrieg
Selects Incendiary Bombing Run
Side Skirts
Panzer Officer Quarters
Breakthrough
Panzergrenadier Officer Quarters
Breakthrough
Panzer IV Medium Tank
Zulu 1-0 Actual
DanielD
Zaney
FeriG
0
0

Comments sign in to comment!

No comments posted yet!